AoeStats
← Pollo

Black Forest

504136545Analyzed
1v1 RM · 1mo ago on Sep 4, 2026· 28m 9s· 2 players
Game mode
Random Map
Map size
Tiny (2 player)
Population
200
Speed
Normal
Resources
Standard
Victory
Conquest
Starting age
Dark Age
Ending age
Imperial Age
RankedLock teamsTeams togetherTeam positionsShared explorationLock speedFull tech treeHidden civsTurbo modeCheats
Victory
Defeat
🇨🇱 Malay · Chile
1000
+17
🇨🇱 Inca · Chile
1025
-17
T3krom_xD
1:17 Loom
12:38 Feudal Age
12:45 Double-Bit Axe
21:06 Castle Age
19:04 Horse Collar
20:12 Forging
Pollo
4:54 Loom
12:19 Feudal Age
13:39 Horse Collar
13:48 Double-Bit Axe
19:03 Castle Age
20:06 Stone Mining
20:20 Heavy Plow
20:39 Bow Saw
22:20 Gold Mining
23:11 Wheelbarrow
28:25 Imperial Age
27:09 Hand Cart
Connection lost

Rejoining the realm…

Still unreachable

The connection could not be restored.

Session expired

The server has moved on; the page needs a fresh start.